 Dungeon Crawl Stone Soup version 0.28-a0-95-g65e1ffefe4 (webtiles) character file.

Game seed: 12672219208906502572

89 Leeroy the Insei (level 4, 0/32 HPs)
             Began as a Merfolk Transmuter on Aug 8, 2021.
             Slain by an orc (2 damage)
             ... on level 4 of the Dungeon.
             The game lasted 00:03:20 (2054 turns).

Leeroy the Insei (Merfolk Transmuter)               Turns: 2054, Time: 00:03:20

Health: 0/32       AC:  6    Str: 10    XL:     4   Next: 55%
Magic:  7/7        EV: 12    Int: 13    God:
Gold:   76         SH:  0    Dex: 14    Spells: 1/7 levels left

rFire   . . .      SeeInvis .     - Unarmed
rCold   . . .      Faith    .   (no shield)
rNeg    . . .      Spirit   .   a - +0 robe
rPois   .          Reflect  .   (no helmet)
rElec   .          Harm     .   (no cloak)
rCorr   .          Rampage  .   b - +2 pair of gloves
Will    .....                   j - +0 pair of boots
Stlth   +.........              (no amulet)
HPRegen 0.10/turn               (no ring)
MPRegen 0.10/turn               (no ring)

@: no status effects
A: (nimble swimmer 2), mertail
a: no special abilities


You were on level 4 of the Dungeon.
You visited 1 branch of the dungeon, and saw 4 of its levels.

You collected 76 gold pieces.

Inventory:

Missiles
 i - 5 boomerangs
 l - 12 poisoned darts
Armour
 a - a +0 robe (worn)
 b - a +2 pair of gloves (worn)
 j - a +0 pair of boots (worn)
Jewellery
 e - a ring of flight
Scrolls
 c - a scroll of enchant armour
 g - 2 scrolls of silence {unknown}
 k - 2 scrolls of identify {unknown}
 m - a scroll of noise {unknown}
 n - a scroll of teleportation {unknown}
Potions
 d - 2 potions of ambrosia {unknown}
 f - a potion of brilliance {unknown}
 h - a potion of berserk rage {unknown}
 o - a potion of lignification {unknown}


   Skills:
 - Level 1.1 Fighting
 - Level 2.6 Dodging
 + Level 5.7 Unarmed Combat
 - Level 2.0 Spellcasting
 - Level 2.6 Transmutations


You had one spell level left.
You knew the following spells:

 Your Spells              Type           Power      Damage    Failure   Level
a - Beastly Appendage     Tmut           16%        N/A       9%          1
b - Wereblood             Tmut           8%         N/A       13%         2
c - Spider Form           Tmut/Pois      2%         N/A       41%         3

Your spell library contained the following spells:

 Spells                   Type           Power      Damage    Failure   Level
 Ice Form                 Ice/Tmut       4%         N/A       82%         4


Dungeon Overview and Level Annotations

Branches:
Dungeon (4/15)
 Temple: D:4-7

Altars:

Annotations:
D:3 Sigmund


Innate Abilities, Weirdness & Mutations

((You are quick and stealthy near water. (Stealth+, EV+, Speed+++)))
Your lower body shifts to a powerful aquatic tail in water.


Message History

You kill the orc!
The orc hits you with a +0 whip.
You howl as the wereblood boils in your veins!
The orc hits you with a +0 hand axe.
Things that are here:
a +0 short sword; a +0 scale mail You closely miss the orc.
You howl as the wereblood boils in your veins!
The orc hits you but does no damage.
You barely miss the orc.
You howl as the wereblood boils in your veins!
The orc barely misses you. The orc hits you with a +0 hand axe.
* * * LOW HITPOINT WARNING * * *
You hit the orc. You punch the orc.
The orc is heavily wounded.
The orc hits you with a +0 whip.
* * * LOW HITPOINT WARNING * * *
The orc closely misses you.
You hit the orc.
The orc is heavily wounded.
The orc barely misses you. The orc hits you with a +0 hand axe.
* * * LOW HITPOINT WARNING * * *
Okay, then.
You howl as the wereblood boils in your veins!
Okay, then.
You howl as the wereblood boils in your veins!
Your primal bloodlust is almost over.
Your primal bloodlust has ended.
There is a stone staircase leading down here.
The orc hits you with a +0 whip.
* * * LOW HITPOINT WARNING * * *
You climb downwards.
An adder and a dart slug come into view.
Found 3 gold pieces.
There is a stone staircase leading up here.
As you read the scroll labelled TYUGEI EMNEZIA, it crumbles to dust.
It is a scroll of enchant armour.
Your +1 pair of gloves glows green for a moment.
The orc hits you with a +0 whip.
You die...

# .# #.# ...##
##.....
##.......
...####.....⌠.$
.......@.......
..####..o......
#.w.......
#....S....
###.###### .#
.# ##


You could see an adder (asleep), a dart slug (asleep) and an orc.

Vanquished Creatures
  3 adders
  3 dart slugs
  A worm (D:2)
  An orc (D:3)
  5 ball pythons
  5 endoplasms
  5 giant cockroaches
  4 goblins
  7 hobgoblins
  A jackal (D:2)
  3 kobolds
  3 quokkas
  2 bats
  A frilled lizard (D:1)
  4 rats
48 creatures vanquished.

Notes
Turn   | Place    | Note
-------+----------+-------------------------------------------
     0 | D:1      | Leeroy the Merfolk Transmuter began the quest for the Orb.
     0 | D:1      | Reached XP level 1. HP: 15/15 MP: 3/3
     2 | D:1      | Noticed a draconian
     2 | D:1      | Noticed a vampire
     4 | D:1      | Noticed a troll
     4 | D:1      | Noticed an elf
     6 | D:1      | Noticed a merfolk
     8 | D:1      | Noticed a spriggan
     8 | D:1      | Noticed a formicid
    10 | D:1      | Noticed a gargoyle
    12 | D:1      | Noticed a naga
    12 | D:1      | Noticed a demigod
    14 | D:1      | Noticed a demonspawn
    14 | D:1      | Noticed an ogre
    16 | D:1      | Noticed a minotaur
    16 | D:1      | Noticed a djinni
    18 | D:1      | Noticed a dwarf
    18 | D:1      | Noticed an octopode
    20 | D:1      | Noticed a palentonga
    20 | D:1      | Noticed a barachi
    22 | D:1      | Noticed a felid
    22 | D:1      | Noticed a tengu
    24 | D:1      | Noticed a ghoul
    26 | D:1      | Noticed a human
    26 | D:1      | Noticed a vine stalker
   194 | D:1      | Reached XP level 2. HP: 21/21 MP: 5/5
   208 | D:1      | Reached skill level 4 in Unarmed Combat
   572 | D:1      | Reached XP level 3. HP: 21/26 MP: 4/6
   914 | D:2      | Found a faded altar of an unknown god.
  1040 | D:2      | Learned a level 2 spell: Wereblood
  1044 | D:2      | Learned a level 3 spell: Spider Form
  1366 | D:2      | Reached skill level 5 in Unarmed Combat
  1510 | D:2      | Reached XP level 4. HP: 26/32 MP: 5/7
  1902 | D:3      | Noticed Sigmund
  2054 | D:4      | Slain by an orc

Illustrated notes

Levels and vault maps discovered:
D:1:      kb_arrival_jail, layout_basic, serial_curves, eino_curves_01,
          eino_curves_04, skrybe_limestone_x
D:2:      layout_basic, shapermc_ecumenical_altar_venn, minmay_surrounded
D:3:      layout_basic, uniq_terence, uniq_sigmund
D:4:      layout_loops_ring, nicolae_sif_muna_little_library,
          grunt_qazlal_clouds, marbit_many_paths,
          chequers_temple_overflow_statue_of_worship, temple_doors_e,
          solitary_fountain

Skill      XL: |  1  2  3 |
---------------+----------+-----
Unarmed Combat | 4 5 |  5.7
Fighting       | |  1.1
Dodging        | |  2.6
Spellcasting   | |  2.0
Transmutations | |  2.6

Action                   |  1- 3 |  4- 6 || total
-------------------------+-------+-------++-------
Melee: Unarmed           |   124 |    37 ||   161
       Punch             |     5 |     1 ||     6
       Headbutt          |     3 |       ||     3
 Cast: Beastly Appendage |     6 |       ||     6
       Wereblood         |       |     1 ||     1
  Use: Scroll            |       |     1 ||     1
 Stab: Sleeping          |     4 |     2 ||     6
       Distracted        |     1 |       ||     1
Armor: Robe              |    49 |    13 ||    62
Dodge: Dodged            |    82 |    20 ||   102

Table legend: (Time is in decaauts)
 A = Elapsed time spent in this place.
 B = Non-inter-level travel time spent in this place.
 C = Inter-level travel time spent in this place.
 D = Time resting spent in this place.
 E = Time spent auto-exploring this place.
 F = Levels seen in this place.
 G = Mean time per level.
                   A        B        C        D        E       F      G
               +--------+--------+--------+--------+--------+-----+--------+
         Total |   2038 |   1975 |     63 |     20 |   1567 |   4 |  509.5 |
       Dungeon |   2038 |   1975 |     63 |     20 |   1567 |   4 |  509.5 |
               +--------+--------+--------+--------+--------+-----+--------+

Top non-repeatable levels by time:
     D:2: 982 daAuts
     D:1: 861 daAuts
     D:3: 193 daAuts
     D:4: 0 daAuts
